AoeStats
← rolca

Arena

507167770Analyzed
2v2 RM · 16d ago on Sep 16, 2026· 31m 45s· 4 players
Game mode
Random Map
Map size
Medium (4 player)
Population
200
Speed
Normal
Resources
Standard
Victory
Conquest
Starting age
Dark Age
Ending age
Imperial Age
RankedLock teamsTeams togetherTeam positionsShared explorationLock speedFull tech treeHidden civsTurbo modeCheats
Victory
Defeat
🇻🇪 Goths · Venezuela
912
+10
🇺🇸 Celts · United States
828
+12
🇺🇸 Turks · United States
767
-11
🇺🇸 Teutons · United States
757
-11
Darkchild93_
11:51 Feudal Age
12:46 Horse Collar
12:55 Double-Bit Axe
18:28 Castle Age
16:16 Loom
17:54 Stone Mining
17:59 Gold Mining
20:15 Stone Shaft Mining
19:22 Man-at-Arms
20:52 Gambesons
21:16 Scale Mail Armor
23:38 Scale Barding Armor
25:18 Bloodlines
26:22 Bow Saw
D333ZNUTTTZ85
9:16 Feudal Age
9:43 Double-Bit Axe
18:32 Castle Age
17:38 Horse Collar
19:59 Bow Saw
23:31 Stone Mining
27:17 Wheelbarrow
26:31 Town Watch
29:45 Imperial Age
28:39 Padded Archer Armor
28:31 Fletching
30:41 Cavalier
rolca
1:28 Loom
11:35 Feudal Age
12:05 Horse Collar
16:55 Castle Age
15:44 Stone Mining
15:48 Double-Bit Axe
18:32 Heavy Plow
18:10 Man-at-Arms
20:06 Bow Saw
19:30 Long Swordsman
23:19 Pikeman
25:14 Wheelbarrow
25:08 Fletching
27:15 Gold Mining
29:37 Anarchy
31:34 Hand Cart
guilleaj
3:14 Loom
3:59 Loom
4:12 Loom
10:16 Feudal Age
10:48 Double-Bit Axe
10:59 Man-at-Arms
16:41 Wheelbarrow
19:24 Castle Age
19:07 Forging
18:45 Arson
19:12 Gold Mining
20:10 Scale Mail Armor
20:13 Horse Collar
21:13 Bow Saw
20:56 Gambesons
22:08 Heavy Plow
21:33 Long Swordsman
24:48 Treadmill Crane
30:42 Gold Shaft Mining
33:45 Imperial Age
31:41 Fortified Wall
Connection lost

Rejoining the realm…

Still unreachable

The connection could not be restored.

Session expired

The server has moved on; the page needs a fresh start.